 Dungeon Crawl Stone Soup version 0.30.0-29-ga12c61a403 (webtiles) character file.

Game seed: 2269610743858413119

42150 qw the Cleaver (level 14, -5/90 HPs)
             Began as a Gargoyle Fighter on June 5, 2023.
             Was an Elder of Okawaru.
             Slain by a death yak (10 damage)
             ... on level 5 of the Lair of Beasts.
             The game lasted 00:08:53 (15111 turns).

qw the Cleaver (Gargoyle Fighter)                  Turns: 15111, Time: 00:08:54

Health: -5/90      AC: 36    Str: 31    XL:     14   Next: 18%
Magic:  18/20      EV: 15    Int:  9    God:    Okawaru [****..]
Gold:   1212       SH: 13    Dex:  9    Spells: 13/13 levels left

rFire   + . .        Y - +1 broad axe
rCold   . . .        i - +0 kite shield
rNeg    + + +        t - +4 plate armour {rF+}
rPois   inf          o - +1 helmet
rElec   +            c - scarf of Tanenili {repulsion, rN++}
rCorr   .            x - +1 pair of gloves
SInv    .            (no boots)
Will    +....        j - amulet of faith Stlth
                     l - +6 ring of strength
HPRegen 0.35/turn    b - +5 ring of evasion
MPRegen 0.17/turn

%: repel missiles, faith
@: about to teleport, heroic, flying
A: sickness immunity, AC +10, big wings, negative energy resistance 1,
electricity resistance, torment resistance 1, petrification resistance
a: Renounce Religion, Heroism, Finesse


You were on level 5 of the Lair of Beasts.
You worshipped Okawaru.
Okawaru was greatly pleased with you.
You visited 3 branches of the dungeon, and saw 16 of its levels.
You also visited: Sewer.

You collected 1212 gold pieces.


Innate Abilities, Weirdness & Mutations

You are immune to sickness and miasma.
Your stone body is resilient. (AC +10)
You are immune to poison.
Your large and strong wings let you fly.
You resist negative energy. (rN+)
You are resistant to electric shocks. (rElec)
You are resistant to unholy torment.
You are immune to petrification.


   Skills:
 - Level 11.0(16.0) Fighting
 + Level 14.0(19.0) Axes
 - Level 4.3(9.3) Throwing
 - Level 10.0(15.0) Armour
 - Level 2.4(7.4) Dodging
 - Level 12.0(17.0) Shields
 + Level 8.6 Invocations


You had 13 spell levels left.
You didn't know any spells.
Your spell library was empty.

Inventory:

Hand Weapons
 s - a +0 morningstar
 Y - a +1 broad axe (weapon)
Armour
 c - the scarf of Tanenili (worn) {repulsion, rN++}
   (You acquired it on level 3 of the Lair of Beasts)

   rN:        It greatly protects you from negative energy.
 g - a +0 cloak
 i - a +0 kite shield (worn)
 o - a +1 helmet (worn)
 t - a +4 plate armour of fire resistance (worn)
 x - a +1 pair of gloves (worn)
 A - +0 acid dragon scales
Jewellery
 a - a ring of protection from fire
 b - a +5 ring of evasion (right hand)
 h - an amulet of reflection
 j - an amulet of faith (around neck)
 l - a +6 ring of strength (left hand)
 y - a ring of resist corrosion
Wands
 e - a wand of digging (1)
Scrolls
 k - 7 scrolls of identify
 z - 3 scrolls of teleportation
Potions
 d - 4 potions of might
 f - 5 potions of heal wounds
 m - 3 potions of mutation
 n - 4 potions of lignification
 p - a potion of magic
 q - 3 potions of attraction
 r - a potion of haste
 w - a potion of resistance

Dungeon Overview and Level Annotations

Branches:
Dungeon (10/15)            Temple (1/1) D:6            Lair (5/5) D:10
 Shoals (0/4) Lair:3        Snake (0/4) Lair:2        Sewer (visited)
  Slime: Lair:4-5       Orc: D:9-12

Altars:
Ashenzari
Cheibriados
Dithmenos
Elyvilon
Fedhas
Gozag
Hepliaklqana
Kikubaaqudgha
Makhleb
Nemelex Xobeh
Okawaru
Qazlal
Ru
Sif Muna
Trog
Uskayaw
Vehumet
Wu Jian
Xom
Yredelemnul
Zin
The Shining One

Annotations:
D:6 1 runed translucent door, Crazy Yiuf


Message History

You chop the death yak into pieces!!!
You kill the death yak!
Okawaru accepts your kill.
You hit the death yak. You slash the death yak! You barely miss the death yak.
You slash the death yak! You block the death yak's attack.
The death yak closely misses you.
The death yak gores you but does no damage. x2
Your base Shields skill increases to level 12!
You barely miss the death yak.
The death yak is almost dead.
You barely miss the death yak. You hit the death yak.
You completely miss the death yak. You slice the death yak!!
You kill the death yak!
Okawaru accepts your kill.
You hit the death yak. You slash the death yak!
You hit the death yak but do no damage. The death yak barely misses you.
You block the death yak's attack. The death yak barely misses you.
You hit the death yak.
The death yak is almost dead.
You barely miss the komodo dragon. You hit the death yak.
You slash the death yak!
You feel like a meek peon again.
The komodo dragon bites you but does no damage.
You block the death yak's attack.
The death yak gores you but does no damage.
The death yak gores you.
15110 ||| INVOKING Heroism.
You gain the combat prowess of a mighty hero.
The komodo dragon bites you but does no damage.
The death yak gores you! The death yak gores you.
You block the death yak's attack.
15111 ||| READING 4 scrolls of teleportation.
As you read the scroll of teleportation, it crumbles to dust.
You feel strangely unstable. You block the komodo dragon's attack.
The death yak gores you but does no damage.
The death yak gores you!
You die...

#.......#.....#. .......
##.....##...#.## .......
#....##....#..P .......
#.....##....... .......
#.....##.......
.......###..............
........#...#.##P.....#.
......lY####.###PP..(.#.
......Y@.P.P.....P...#.
......Y%............
....................
....................
....................
....................
.P.................<
..#P....###.........
...... ...#..#..


You could see 3 death yaks and a komodo dragon.

Vanquished Creatures
  Gastronok (Lair:2)
  Snorg (D:10)
  4 hydras
  2 centaur warriors (D:9)
  Erica (D:8)
  3 two-headed ogres
  8 death yaks
  2 skysharks
  A death drake (shapeshifter) (D:9)
  An ugly thing (D:10)
  A cyclops (D:9)
  A manticore (Lair:3)
  Maurice (D:8)
  3 black mambas
  14 elephants
  3 cane toads
  Maggie (Lair:2)
  9 komodo dragons
  5 polar bears
  2 trolls
  A wind drake (Lair:3)
  2 hornets (D:9)
  13 blink frogs
  20 yaks
  4 wyverns
  3 basilisks
  3 steam dragons
  A vampire mosquito (D:9)
  Edmund (D:4)
  3 nagas (Lair:2)
  13 water moccasins
  An acid dragon (D:9)
  4 sky beasts (D:8)
  2 ice beasts (D:8)
  4 orc warriors
  A black bear (D:4)
  2 ogres (D:6)
  8 wolves
  A centaur (D:8)
  A phantom (D:5)
  4 kobold brigands
  16 bullfrogs
  2 scorpions
  A gnoll sergeant (D:6)
  13 wights (D:6)
  19 killer bees
  3 vampire bats (D:8)
  6 howler monkeys
  3 hounds
  9 orc priests
  2 jellies
  2 sleepcaps
  A gnoll bouda (D:5)
  8 iguanas
  15 orc wizards
  Natasha (twice) (D:4)
  13 gnolls
  14 adders
  A shadow imp (D:6)
  2 ufetubi
  2 worms (D:4)
  3 dart slugs
  47 orcs
  5 endoplasms
  9 giant cockroaches
  6 goblins
  7 hobgoblins
  23 kobolds
  7 quokkas
  9 ball pythons
  14 bats
  12 frilled lizards (Sewer)
  5 rats
437 creatures vanquished.

Vanquished Creatures (others)
  A naga (Lair:2)
  A jelly (D:6)
2 creatures vanquished.

Grand Total: 439 creatures vanquished

Notes
Turn   | Place    | Note
-------+----------+-------------------------------------------
     0 | D:1      | qw the Gargoyle Fighter began the quest for the Orb.
     0 | D:1      | Reached XP level 1. HP: 14/14 MP: 1/1
     0 | D:1      | 0 ||| qw: Version: 0.2-a-108-gee2c290
     0 | D:1      | 0 ||| qw: Game counter: 1449
     0 | D:1      | 0 ||| qw: Always use a shield: true
     0 | D:1      | 0 ||| qw: God list: Okawaru
     0 | D:1      | 0 ||| qw: Allow faded altars: false
     0 | D:1      | 0 ||| qw: Do Orc after D:15 true
     0 | D:1      | 0 ||| qw: Do second Lair branch before Depths: true
     0 | D:1      | 0 ||| qw: Lair rune preference: random
     0 | D:1      | 0 ||| qw: Plans: Normal, Zot:1-4, Slime:5, God:TSO, Crypt,
                  | Tomb, Abyss, Pan, Hells, Win
     0 | D:1      | 0 ||| PLANNING D:1-11
    39 | D:1      | Reached skill level 2 in Axes
   226 | D:1      | 226 ||| Stepping ~*~*~tactically~*~*~ (stealth).
   229 | D:1      | Reached XP level 2. HP: 19/19 MP: 2/2
   247 | D:1      | 247 ||| DROPPING +0 club.
   335 | D:1      | 335 ||| Stepping ~*~*~tactically~*~*~ (hiding).
   339 | D:1      | 339 ||| Stepping ~*~*~tactically~*~*~ (hiding).
   537 | D:1      | 537 ||| UPGRADING to +6 ring of strength.
   538 | D:1      | 538 ||| READING scroll labelled JEL HOTIAKHE.
   539 | D:1      | 539 ||| READING 2 scrolls labelled HOACEA HEIPH.
   540 | D:1      | 540 ||| DRINKING 3 puce potions.
   541 | D:1      | 541 ||| DRINKING 2 smoky brown potions.
   542 | D:1      | 542 ||| DROPPING potion of degeneration.
   617 | D:2      | Reached skill level 3 in Axes
   617 | D:2      | Reached XP level 3. HP: 18/23 MP: 3/3
   824 | D:2      | Reached XP level 4. HP: 23/28 MP: 4/4
   921 | D:2      | Reached skill level 4 in Axes
  1404 | D:2      | 1404 ||| UPGRADING to +0 cloak.
  1409 | D:2      | 1409 ||| UPGRADING to +1 helmet.
  1414 | D:2      | 1414 ||| UPGRADING to amulet of the acrobat.
  1419 | D:2      | 1419 ||| READING scroll labelled IROIW VUZIO.
  1420 | D:2      | 1420 ||| READING scroll labelled OCSODI XEQY.
  1421 | D:2      | 1421 ||| READING 2 scrolls of identify.
  1421 | D:2      | 1421 ||| IDENTIFYING fizzy black potion
  1422 | D:2      | 1422 ||| DROPPING potion of invisibility.
  1466 | D:3      | 1466 ||| Stepping ~*~*~tactically~*~*~ (stealth).
  1585 | D:3      | 1585 ||| Stepping ~*~*~tactically~*~*~ (hiding).
  1836 | D:3      | 1836 ||| Stepping ~*~*~tactically~*~*~ (stealth).
  1845 | D:3      | Reached XP level 5. HP: 32/32 MP: 5/5
  1862 | D:3      | 1862 ||| DROPPING +0 whip.
  2254 | D:3      | 2254 ||| UPGRADING to amulet of reflection.
  2264 | D:3      | 2264 ||| DROPPING amulet of the acrobat.
  2265 | D:3      | 2265 ||| READING scroll labelled BYMIQAC VEIJ.
  2269 | D:3      | 2269 ||| READING scroll labelled CATESU HUXTARR.
  2270 | D:3      | 2270 ||| DRINKING 2 inky potions.
  2295 | D:4      | 2295 ||| PLANNING SEWER
  2339 | D:4      | Noticed Natasha
  2350 | D:4      | Killed Natasha
  2351 | D:4      | Reached skill level 5 in Axes
  2357 | D:4      | Reached skill level 1 in Dodging
  2375 | D:4      | Reached XP level 6. HP: 38/38 MP: 6/6
  2382 | D:4      | 2382 ||| Stepping ~*~*~tactically~*~*~ (hiding).
  2385 | D:4      | 2385 ||| Stepping ~*~*~tactically~*~*~ (hiding).
  2405 | D:4      | Noticed a black bear
  2406 | D:4      | 2406 ||| Stepping ~*~*~tactically~*~*~ (stealth).
  2408 | D:4      | 2408 ||| Stepping ~*~*~tactically~*~*~ (stealth).
  2419 | D:4      | Killed a black bear
  2440 | D:4      | Noticed Edmund
  2457 | D:4      | Killed Edmund
  2458 | D:4      | Reached skill level 6 in Axes
  2458 | D:4      | Reached XP level 7. HP: 13/44 MP: 7/7
  2573 | D:4      | 2573 ||| DROPPING +0 flail.
  2629 | D:4      | Noticed a steam dragon
  2630 | D:4      | 2630 ||| Stepping ~*~*~tactically~*~*~ (hiding).
  2640 | D:4      | Killed a steam dragon
  2640 | D:4      | HP: 5/44 [something (14)]
  2809 | D:4      | Found a glowing drain.
  2831 | D:4      | 2831 ||| Stepping ~*~*~tactically~*~*~ (water).
  2857 | Sewer    | Entered a sewer
  2893 | Sewer    | 2893 ||| Stepping ~*~*~tactically~*~*~ (water).
  2956 | Sewer    | 2956 ||| Stepping ~*~*~tactically~*~*~ (water).
  3063 | Sewer    | 3063 ||| Stepping ~*~*~tactically~*~*~ (stealth).
  3149 | Sewer    | Reached skill level 7 in Axes
  3152 | Sewer    | 3152 ||| Stepping randomly (stuck).
  3343 | Sewer    | 3343 ||| DROPPING +2 leather armour of poison resistance.
  3363 | D:4      | 3363 ||| PLANNING D:1-11
  3426 | D:4      | 3426 ||| Stepping ~*~*~tactically~*~*~ (stealth).
  3524 | D:4      | 3524 ||| Stepping ~*~*~tactically~*~*~ (stealth).
  3535 | D:4      | Reached XP level 8. HP: 46/49 MP: 8/8
  3537 | D:4      | Noticed Natasha
  3538 | D:4      | 3538 ||| Stepping ~*~*~tactically~*~*~ (stealth).
  3550 | D:4      | 3550 ||| Stepping ~*~*~tactically~*~*~ (hiding).
  3556 | D:4      | Killed Natasha
  3913 | D:4      | 3913 ||| READING scroll labelled GOTIPE KUTT.
  3914 | D:4      | 3914 ||| DRINKING 3 fuming sapphire potions.
  3959 | D:5      | Entered Level 5 of the Dungeon
  3966 | D:5      | 3966 ||| DRINKING potion of curing.
  3966 | D:5      | 3966 ||| (to cure confusion)
  4174 | D:5      | Reached skill level 8 in Axes
  4339 | D:5      | 4339 ||| Stepping ~*~*~tactically~*~*~ (stealth).
  4343 | D:5      | 4343 ||| Stepping ~*~*~tactically~*~*~ (stealth).
  4474 | D:5      | Reached skill level 1 in Throwing
  4667 | D:5      | Reached skill level 6 in Fighting
  4701 | D:5      | 4701 ||| Stepping ~*~*~tactically~*~*~ (stealth).
  4703 | D:5      | 4703 ||| Stepping ~*~*~tactically~*~*~ (hiding).
  4704 | D:5      | 4704 ||| Stepping ~*~*~tactically~*~*~ (hiding).
  5359 | D:5      | 5359 ||| READING scroll labelled LITI NI LEQUBY.
  5360 | D:5      | 5360 ||| READING scroll labelled DESMEIL APLAST.
  5361 | D:5      | 5361 ||| DRINKING 2 coppery potions.
  5362 | D:5      | 5362 ||| DROPPING potion of flight.
  5481 | D:6      | 5481 ||| Stepping ~*~*~tactically~*~*~ (stealth).
  5491 | D:6      | Reached skill level 9 in Axes
  5491 | D:6      | Reached XP level 9. HP: 55/55 MP: 9/9
  5532 | D:6      | 5532 ||| Stepping ~*~*~tactically~*~*~ (stealth).
  5587 | D:6      | 5587 ||| DROPPING +1 heavy flail.
  5639 | D:6      | Found a runed translucent door.
  5640 | D:6      | Noticed Crazy Yiuf
  5693 | D:6      | Found a staircase to the Ecumenical Temple.
  5694 | D:6      | 5694 ||| PLANNING TEMPLE
  5694 | D:6      | 5694 ||| READING scroll labelled ZIACZOCIES.
  5697 | D:6      | 5697 ||| Stepping ~*~*~tactically~*~*~ (hiding).
  5713 | D:6      | HP: 14/57 [ogre/+0 giant club (9)]
  5714 | D:6      | 5714 ||| DRINKING 4 potions of heal wounds.
  5717 | D:6      | Reached skill level 3 in Throwing
  5722 | D:6      | HP: 9/57 [gnoll/+0 halberd[a gnoll sergeant] (9)]
  5723 | D:6      | 5723 ||| DRINKING 3 potions of heal wounds.
  5853 | Temple   | Entered the Ecumenical Temple
  5993 | Temple   | 5993 ||| PLANNING D:1-11
  6099 | D:6      | 6099 ||| Stepping ~*~*~tactically~*~*~ (hiding).
  6100 | D:6      | 6100 ||| Stepping ~*~*~tactically~*~*~ (hiding).
  6101 | D:6      | 6101 ||| Stepping ~*~*~tactically~*~*~ (hiding).
  6105 | D:6      | 6105 ||| Stepping ~*~*~tactically~*~*~ (hiding).
  6132 | D:6      | 6132 ||| Stepping ~*~*~tactically~*~*~ (stealth).
  6137 | D:6      | 6137 ||| Stepping ~*~*~tactically~*~*~ (stealth).
  6141 | D:6      | 6141 ||| Stepping ~*~*~tactically~*~*~ (stealth).
  6142 | D:6      | 6142 ||| Stepping ~*~*~tactically~*~*~ (stealth).
  6143 | D:6      | 6143 ||| Stepping ~*~*~tactically~*~*~ (stealth).
  6158 | D:6      | 6158 ||| Stepping ~*~*~tactically~*~*~ (hiding).
  6540 | D:6      | 6540 ||| UPGRADING to +0 chain mail.
  6550 | D:6      | 6550 ||| DROPPING +0 scale mail.
  6551 | D:6      | 6551 ||| UPGRADING to +0 pair of gloves.
  6556 | D:6      | 6556 ||| DROPPING amulet of magic regeneration.
  6557 | D:6      | 6557 ||| DRINKING 2 golden potions.
  6558 | D:6      | 6558 ||| READING 3 scrolls of identify.
  6558 | D:6      | 6558 ||| IDENTIFYING viscous dark potion
  6559 | D:6      | 6559 ||| READING 2 scrolls of identify.
  6559 | D:6      | 6559 ||| IDENTIFYING murky inky potion
  6560 | D:6      | 6560 ||| DROPPING potion of ambrosia.
  6606 | D:7      | 6606 ||| Stepping ~*~*~tactically~*~*~ (stealth).
  6609 | D:7      | 6609 ||| Stepping ~*~*~tactically~*~*~ (hiding).
  6838 | D:7      | 6838 ||| Stepping ~*~*~tactically~*~*~ (hiding).
  6893 | D:7      | 6893 ||| FLEEEEING.
  6911 | D:7      | 6911 ||| Stepping ~*~*~tactically~*~*~ (stealth).
  6919 | D:7      | 6919 ||| Stepping ~*~*~tactically~*~*~ (stealth).
  6921 | D:7      | 6921 ||| Stepping ~*~*~tactically~*~*~ (hiding).
  6950 | D:7      | Found a broken altar of Ashenzari.
  7054 | D:7      | Reached skill level 10 in Axes
  7317 | D:7      | 7317 ||| UPGRADING to +0 plate armour.
  7327 | D:7      | 7327 ||| DROPPING +0 chain mail.
  7328 | D:7      | 7328 ||| UPGRADING to +5 ring of evasion.
  7329 | D:7      | 7329 ||| READING scroll labelled JASYTU WUFI.
  7430 | D:7      | 7430 ||| READING 2 scrolls of identify.
  7430 | D:7      | 7430 ||| IDENTIFYING ruby potion
  7508 | D:8      | 7508 ||| Stepping ~*~*~tactically~*~*~ (hiding).
  7530 | D:8      | Reached XP level 10. HP: 63/63 MP: 10/10
  7540 | D:8      | Reached skill level 6 in Armour
  7545 | D:8      | Noticed Maurice
  7553 | D:8      | 7553 ||| Stepping ~*~*~tactically~*~*~ (cloud).
  7555 | D:8      | 7555 ||| Stepping ~*~*~tactically~*~*~ (cloud).
  7568 | D:8      | 7568 ||| FLEEEEING.
  7569 | D:8      | 7569 ||| FLEEEEING.
  7570 | D:8      | 7570 ||| STAIRDANCE
  7652 | D:8      | 7652 ||| FLEEEEING.
  7655 | D:8      | 7655 ||| FLEEEEING.
  7656 | D:8      | 7656 ||| FLEEEEING.
  7657 | D:8      | 7657 ||| FLEEEEING.
  7659 | D:8      | 7659 ||| FLEEEEING.
  7671 | D:8      | 7671 ||| Stepping ~*~*~tactically~*~*~ (cloud).
  7673 | D:8      | 7673 ||| Stepping ~*~*~tactically~*~*~ (cloud).
  7678 | D:8      | Killed Maurice
  8036 | D:8      | 8036 ||| Stepping ~*~*~tactically~*~*~ (hiding).
  8037 | D:8      | 8037 ||| Stepping ~*~*~tactically~*~*~ (stealth).
  8153 | D:8      | Noticed Erica
  8169 | D:8      | Killed Erica
  8527 | D:8      | Noticed a two-headed ogre
  8536 | D:8      | Killed a two-headed ogre
  8537 | D:8      | Reached skill level 11 in Axes
  8569 | D:8      | 8569 ||| DROPPING ring of wizardry.
  8570 | D:8      | 8570 ||| READING scroll labelled MAJAACE ZYELOZ.
  8610 | D:9      | Reached XP level 11. HP: 57/68 MP: 11/11
  8795 | D:9      | Noticed a two-headed ogre
  8803 | D:9      | Noticed a centaur warrior
  8812 | D:9      | Killed a two-headed ogre
  8820 | D:9      | Killed a centaur warrior
  8838 | D:9      | Noticed a two-headed ogre
  8854 | D:9      | Reached skill level 9 in Fighting
  8860 | D:9      | Noticed a death drake
  8861 | D:9      | Killed a two-headed ogre
  8862 | D:9      | 8862 ||| Stepping ~*~*~tactically~*~*~ (hiding).
  8882 | D:9      | Killed a death drake
  8910 | D:9      | 8910 ||| Stepping ~*~*~tactically~*~*~ (stealth).
  8920 | D:9      | 8920 ||| Stepping ~*~*~tactically~*~*~ (stealth).
  8935 | D:9      | Noticed a centaur warrior
  8938 | D:9      | 8938 ||| Stepping ~*~*~tactically~*~*~ (hiding).
  8948 | D:9      | Killed a centaur warrior
  8996 | D:9      | 8996 ||| Stepping ~*~*~tactically~*~*~ (stealth).
  9042 | D:9      | 9042 ||| SWAPPING to +0 broad axe.
  9043 | D:9      | 9043 ||| DROPPING +0 war axe.
  9063 | D:9      | Reached skill level 12 in Axes
  9105 | D:9      | 9105 ||| Stepping ~*~*~tactically~*~*~ (hiding).
  9109 | D:9      | 9109 ||| Stepping ~*~*~tactically~*~*~ (hiding).
  9110 | D:9      | Noticed a cyclops
  9113 | D:9      | 9113 ||| Stepping ~*~*~tactically~*~*~ (hiding).
  9137 | D:9      | Killed a cyclops
  9164 | D:9      | Reached skill level 6 in Shields
  9297 | D:9      | Reached skill level 9 in Armour
  9313 | D:9      | 9313 ||| DRINKING potion of curing.
  9313 | D:9      | 9313 ||| (to cure confusion)
  9603 | D:9      | Found a hide-covered altar of Uskayaw.
  9656 | D:9      | Found an iron altar of Okawaru.
  9657 | D:9      | 9657 ||| PLANNING OKAWARU WORSHIP
  9657 | D:9      | 9657 ||| READING scroll labelled DOMAVY BIAT.
  9658 | D:9      | 9658 ||| READING 3 scrolls of identify.
  9658 | D:9      | 9658 ||| IDENTIFYING fizzy inky potion
  9659 | D:9      | 9659 ||| READING 2 scrolls of identify.
  9659 | D:9      | 9659 ||| IDENTIFYING dark potion
  9660 | D:9      | 9660 ||| DROPPING potion of berserk rage.
  9665 | D:9      | Became a worshipper of Warmaster Okawaru
  9665 | D:9      | 9665 ||| PLANNING D:1-11
  9814 | D:9      | 9814 ||| Stepping ~*~*~tactically~*~*~ (hiding).
  9844 | D:9      | 9844 ||| Stepping ~*~*~tactically~*~*~ (hiding).
  9950 | D:9      | Found a stormy altar of Qazlal.
  9954 | D:9      | 9954 ||| Stepping ~*~*~tactically~*~*~ (stealth).
  9955 | D:9      | 9955 ||| Stepping ~*~*~tactically~*~*~ (stealth).
 10154 | D:10     | Entered Level 10 of the Dungeon
 10179 | D:10     | 10179 ||| Stepping ~*~*~tactically~*~*~ (hiding).
 10184 | D:10     | 10184 ||| Stepping ~*~*~tactically~*~*~ (hiding).
 10185 | D:10     | 10185 ||| Stepping ~*~*~tactically~*~*~ (hiding).
 10192 | D:10     | 10192 ||| Stepping ~*~*~tactically~*~*~ (stealth).
 10208 | D:10     | Reached * piety under Okawaru
 10213 | D:10     | Reached XP level 12. HP: 73/77 MP: 12/12
 10218 | D:10     | Reached skill level 1 in Invocations
 10307 | D:10     | Found a staircase to the Lair.
 10400 | D:10     | Found an ancient bone altar of Kikubaaqudgha.
 10400 | D:10     | Found a shimmering blue altar of Sif Muna.
 10407 | D:10     | Found a faded altar of an unknown god.
 10409 | D:10     | Found a basalt altar of Yredelemnul.
 10411 | D:10     | Found a white marble altar of Elyvilon.
 10474 | D:10     | 10474 ||| Stepping ~*~*~tactically~*~*~ (stealth).
 10481 | D:10     | 10481 ||| Stepping ~*~*~tactically~*~*~ (stealth).
 10485 | D:10     | 10485 ||| Stepping ~*~*~tactically~*~*~ (stealth).
 10486 | D:10     | 10486 ||| Stepping ~*~*~tactically~*~*~ (stealth).
 10502 | D:10     | Reached skill level 3 in Invocations
 10507 | D:10     | Reached ** piety under Okawaru
 10535 | D:10     | Found a sparkling altar of Nemelex Xobeh.
 10570 | D:10     | 10570 ||| Stepping ~*~*~tactically~*~*~ (stealth).
 10791 | D:10     | Noticed Snorg
 10792 | D:10     | 10792 ||| INVOKING Heroism.
 10798 | D:10     | Killed Snorg
 10991 | D:9      | Found a shadowy altar of Dithmenos.
 11000 | D:9      | 11000 ||| PLANNING LAIR
 11039 | Lair:1   | Entered Level 1 of the Lair of Beasts
 11045 | Lair:1   | 11045 ||| INVOKING Heroism.
 11055 | Lair:1   | Reached skill level 13 in Axes
 11064 | Lair:1   | Reached *** piety under Okawaru
 11108 | Lair:1   | 11108 ||| INVOKING Heroism.
 11147 | Lair:1   | 11147 ||| Stepping ~*~*~tactically~*~*~ (stealth).
 11160 | Lair:1   | 11160 ||| READING scroll of enchant armour.
 11160 | Lair:1   | 11160 ||| ENCHANTING +0 pair of gloves.
 11318 | Lair:1   | 11318 ||| INVOKING Heroism.
 11750 | Lair:2   | Noticed Gastronok
 11752 | Lair:2   | 11752 ||| INVOKING Heroism.
 11765 | Lair:2   | Killed Gastronok
 11813 | Lair:2   | Noticed a seven-headed hydra
 11814 | Lair:2   | 11814 ||| INVOKING Heroism.
 11819 | Lair:2   | Killed a seven-headed hydra
 11820 | Lair:2   | Reached skill level 14 in Axes
 11855 | Lair:2   | Found a staircase to the Snake Pit.
 11858 | Lair:2   | Noticed Maggie
 11864 | Lair:2   | 11864 ||| Stepping ~*~*~tactically~*~*~ (water).
 11867 | Lair:2   | 11867 ||| INVOKING Heroism.
 11874 | Lair:2   | Reached **** piety under Okawaru
 11891 | Lair:2   | Killed Maggie
 11892 | Lair:2   | Reached XP level 13. HP: 42/82 MP: 16/16
 12350 | Lair:2   | 12350 ||| INVOKING Heroism.
 12533 | Lair:2   | 12533 ||| UPGRADING to +0 kite shield.
 12543 | Lair:2   | 12543 ||| DROPPING +0 buckler.
 12544 | Lair:2   | 12544 ||| UPGRADING to +4 plate armour of fire resistance.
 12554 | Lair:2   | 12554 ||| DROPPING +0 plate armour.
 12555 | Lair:2   | 12555 ||| READING 8 scrolls of identify.
 12555 | Lair:2   | 12555 ||| IDENTIFYING smoky orange potion
 12597 | Lair:3   | 12597 ||| INVOKING Heroism.
 12598 | Lair:3   | 12598 ||| Stepping ~*~*~tactically~*~*~ (stealth).
 12612 | Lair:3   | 12612 ||| INVOKING Heroism.
 12711 | Lair:3   | 12711 ||| INVOKING Heroism.
 12743 | Lair:3   | 12743 ||| Stepping ~*~*~tactically~*~*~ (stealth).
 12745 | Lair:3   | 12745 ||| INVOKING Heroism.
 12753 | Lair:3   | Reached skill level 6 in Invocations
 12753 | Lair:3   | 12753 ||| Stepping ~*~*~tactically~*~*~ (stealth).
 12776 | Lair:3   | 12776 ||| Stepping ~*~*~tactically~*~*~ (stealth).
 12858 | Lair:3   | 12858 ||| INVOKING Heroism.
 12960 | Lair:3   | Found a staircase to the Shoals.
 12962 | Lair:3   | 12962 ||| INVOKING Heroism.
 12986 | Lair:3   | HP: 11/83 [wind drake/the air (22)]
 12987 | Lair:3   | 12987 ||| READING 4 scrolls of teleportation.
 12988 | Lair:3   | 12988 ||| DRINKING 6 potions of heal wounds.
 13145 | Lair:3   | 13145 ||| INVOKING Heroism.
 13147 | Lair:3   | 13147 ||| Stepping ~*~*~tactically~*~*~ (stealth).
 13184 | Lair:3   | 13184 ||| Stepping ~*~*~tactically~*~*~ (stealth).
 13185 | Lair:3   | 13185 ||| Stepping ~*~*~tactically~*~*~ (stealth).
 13194 | Lair:3   | 13194 ||| INVOKING Heroism.
 13196 | Lair:3   | Reached skill level 9 in Shields
 13270 | Lair:3   | 13270 ||| Stepping ~*~*~tactically~*~*~ (hiding).
 13304 | Lair:3   | 13304 ||| Stepping ~*~*~tactically~*~*~ (stealth).
 13310 | Lair:3   | 13310 ||| INVOKING Heroism.
 13466 | Lair:3   | 13466 ||| INVOKING Heroism.
 13546 | Lair:3   | 13546 ||| INVOKING Heroism.
 13775 | Lair:3   | 13775 ||| READING scroll labelled VIGRIPNOIC.
 13775 | Lair:3   | Identified a scroll of acquirement
 13775 | Lair:3   | 13775 ||| ACQUIRING scarf of Tanenili {repulsion, rN++}
 13775 | Lair:3   | Acquired the scarf of Tanenili {repulsion, rN++}
 13777 | Lair:3   | 13777 ||| UPGRADING to scarf of Tanenili {repulsion, rN++}.
 13809 | Lair:4   | 13809 ||| INVOKING Heroism.
 13813 | Lair:4   | 13813 ||| Stepping ~*~*~tactically~*~*~ (stealth).
 14008 | Lair:4   | 14008 ||| INVOKING Heroism.
 14034 | Lair:4   | 14034 ||| INVOKING Heroism.
 14039 | Lair:4   | 14039 ||| SWAPPING to +0 morningstar.
 14050 | Lair:4   | 14050 ||| SWAPPING to +1 broad axe.
 14059 | Lair:4   | 14059 ||| INVOKING Heroism.
 14188 | Lair:4   | 14188 ||| INVOKING Heroism.
 14193 | Lair:4   | 14193 ||| SWAPPING to +0 morningstar.
 14198 | Lair:4   | 14198 ||| SWAPPING to +1 broad axe.
 14220 | Lair:4   | 14220 ||| FLEEEEING.
 14251 | Lair:4   | 14251 ||| Stepping ~*~*~tactically~*~*~ (stealth).
 14256 | Lair:4   | 14256 ||| INVOKING Heroism.
 14272 | Lair:4   | 14272 ||| Stepping ~*~*~tactically~*~*~ (stealth).
 14367 | Lair:4   | 14367 ||| INVOKING Heroism.
 14636 | Lair:4   | 14636 ||| Stepping ~*~*~tactically~*~*~ (stealth).
 14637 | Lair:4   | 14637 ||| Stepping ~*~*~tactically~*~*~ (stealth).
 14681 | Lair:4   | 14681 ||| UPGRADING to amulet of faith.
 14725 | Lair:5   | Entered Level 5 of the Lair of Beasts
 14726 | Lair:5   | 14726 ||| INVOKING Heroism.
 14736 | Lair:5   | Gained mutation: Your large and strong wings let you fly.
                  | [Gargoyle growth]
 14736 | Lair:5   | Reached XP level 14. HP: 90/90 MP: 17/19
 14745 | Lair:5   | 14745 ||| Stepping ~*~*~tactically~*~*~ (stealth).
 14780 | Lair:5   | 14780 ||| INVOKING Heroism.
 14786 | Lair:5   | 14786 ||| SWAPPING to +0 morningstar.
 14799 | Lair:5   | 14799 ||| SWAPPING to +1 broad axe.
 15085 | Lair:5   | 15085 ||| INVOKING Heroism.
 15107 | Lair:5   | Reached skill level 12 in Shields
 15110 | Lair:5   | 15110 ||| INVOKING Heroism.
 15110 | Lair:5   | HP: 9/90 [death yak (14)]
 15110 | Lair:5   | HP: 4/90 [death yak (5)]
 15111 | Lair:5   | 15111 ||| READING 4 scrolls of teleportation.
 15111 | Lair:5   | Slain by a death yak

Levels and vault maps discovered:
D:1:      zelgadis_glass_arrival_small, layout_basic
D:2:      layout_loops_ring, kennysheep_generic_room_16
D:3:      layout_basic, solitary_fountain, glass_columns_b
D:4:      layout_basic, cheibrodos_sewer_entry_bend, minmay_manual_maat,
          uniq_edmund, uniq_natasha
D:5:      layout_layer_cave, item_on_display_a
D:6:      layout_rooms, minmay_temple_entry_mini_moons, uniq_crazy_yiuf_cottage
D:7:      layout_loops_cross, nicolae_ashenzari_panopticon, grunt_tough_drop
D:8:      layout_basic, roderic_batcave, hangedman_misty_isle, uniq_erica,
          uniq_maurice
D:9:      minmay_the_grid_four_pointed_star_mashed
          [minmay_the_grid_triangle_9x9_stretched_checkered,
          minmay_the_grid_triangle_9x9_steps,
          minmay_the_grid_triangle_9x9_from_above,
          minmay_the_grid_triangle_9x9_semitri, minmay_the_grid_prize_big_room],
          layout_basic, general_overflow_altar, mainiacjoe_overflow_alcove_1,
          nicolae_overflow_hidden_temple
D:10:     layout_grid_maze, chequers_temple_overflow_minitemple,
          nemelex_spade_bored_becter, minmay_lair_entry_grove, uniq_snorg
Temple:   hellmonk_temple_flake
Lair:1:   layout_cave_shapes, cheibrodos_lair_lostbears, serial_bayou_shore_b
Lair:2:   layout_chaotic_city, guppyfry_snake_entry_island, uniq_maggie,
          uniq_gastronok
Lair:3:   layout_loops_ring, minmay_shoals_entry_beasts, minivault_26,
          grunt_megastairs_5, infiniplex_staircase_pool, lemuel_fruit_tree
Lair:4:   layout_misc_corridors
Lair:5:   hellmonk_lair_end_abyssal_woods, layout_regular_city, slime_entry_1

Skill      XL: |  1  2  3  4  5  6  7  8  9 10 11 12 13 14 |
---------------+-------------------------------------------+-----
Axes           | 2 3 4 5 6 7 9 10 11 12 14 | 14.0
Dodging        | 1 2 |  2.4
Fighting       | 4 5 6 7 8 10 11 | 11.0
Throwing       | 2 3 4 |  4.3
Shields        | 4 5 6 11 12 | 12.0
Armour         | 5 7 9 10 | 10.0
Invocations    | 4 7 8 |  8.6

Action                     |  1- 3 |  4- 6 |  7- 9 | 10-12 | 13-15 || total
---------------------------+-------+-------+-------+-------+-------++-------
  Melee: War axe           |    96 |   168 |   444 |   246 |       ||   954
         Broad axe         |       |       |       |   299 |   336 ||   635
         Morningstar       |       |       |       |       |    26 ||    26
  Throw: Javelin           |       |       |    32 |    24 |       ||    56
         Boomerang         |       |       |       |    78 |    37 ||   115
 Invoke: Heroism           |       |       |       |     7 |    23 ||    30
    Use: Scroll            |     2 |     5 |     8 |     5 |     4 ||    24
         Potion            |     2 |     1 |     6 |     1 |     1 ||    11
 Armour: Scale mail        |    61 |   109 |   165 |       |       ||   335
         Chain mail        |       |       |    17 |       |       ||    17
         Plate armour      |       |       |     5 |   304 |   142 ||   451
  Dodge: Dodged            |    31 |    82 |   171 |   325 |   133 ||   742
  Block: Buckler           |    25 |    63 |   202 |   317 |     2 ||   609
         Reflection        |       |     2 |     1 |    17 |     1 ||    21
         Kite shield       |       |       |       |       |   270 ||   270

Table legend:
 A = Non-vault XP
 B = Vault XP
 C = Vault XP percentage of total XP
 D = Non-vault monster count
 E = Vault monster count
 F = Vault count percentage of total count
                 A         B        C        D         E       F
            +---------+---------+-------+---------+---------+-------
      Total |   42185 |   18030 |  29.9 |     336 |     103 |  23.5
            +---------+---------+-------+---------+---------+-------
        D:1 |      25 |       0 |   0.0 |      14 |       0 |   0.0
        D:2 |     102 |       2 |   1.9 |      21 |       1 |   4.5
        D:3 |      65 |       0 |   0.0 |      21 |       0 |   0.0
        D:4 |     365 |     555 |  60.3 |      30 |       8 |  21.1
        D:5 |     714 |       0 |   0.0 |      31 |       0 |   0.0
        D:6 |    1762 |       0 |   0.0 |      38 |       0 |   0.0
        D:7 |     633 |     164 |  20.6 |      15 |       3 |  16.7
        D:8 |    1567 |    2370 |  60.2 |      13 |      18 |  58.1
        D:9 |    2742 |    6427 |  70.1 |      41 |      18 |  30.5
       D:10 |    1747 |    2982 |  63.1 |      21 |      13 |  38.2
     Lair:1 |    3940 |    1207 |  23.5 |      14 |       4 |  22.2
     Lair:2 |    2801 |    2573 |  47.9 |      11 |       6 |  35.3
     Lair:3 |    9618 |    1595 |  14.2 |      23 |       6 |  20.7
     Lair:4 |    9951 |       0 |   0.0 |      27 |       0 |   0.0
     Lair:5 |    6153 |       0 |   0.0 |      16 |       0 |   0.0
      Sewer |       0 |     155 | 100.0 |       0 |      26 | 100.0
            +---------+---------+-------+---------+---------+-------
